Pirates vs Crunch

Created - Wednesday, December 16, 2015 at 02:28

Goals
1 2 3 OT1 SO T
Pirates 0 0 1 0 1 1
Crunch 1 0 0 0 2 2
Shots
1 2 3 OT1 SO T
Pirates 5 6 10 5 6 26
Crunch 9 9 16 3 6 37

1st period

1. Crunch , Jordin Tootoo 14 (Matt Cooke, Sam Carrick) at 4:37 (PP)

Penalties :
FARM PLAYER11 (POR) for Slashing (Minor) at 4:16

2nd period

No Goal

Penalties :
Travis Moen (SYR) for High sticking (Minor) at 18:56

3rd period

2. Pirates , Sebastian Collberg 1 (Reid McNeill, Ryan Potulny) at 19:10

Penalties :
Zack Stortini (POR) for Hooking (Minor) at 5:17

Overtime #1

No Goal

Penalties :
No Penalty

Shootout

Penalty Shot by Johan Sundstrom for Pirates - Stopped by Aaron Dell
Penalty Shot by Stanislav Galiev for Crunch - Stopped by Matt Hackett
Penalty Shot by Kerby Rychel for Pirates - Stopped by Aaron Dell
Penalty Shot by Dustin Jeffrey for Crunch - Stopped by Matt Hackett
Penalty Shot by Daniel Carcillo for Pirates - Stopped by Aaron Dell
Penalty Shot by Casey Wellman for Crunch - Shot Misses the Net
Penalty Shot by Danny Kristo for Pirates - Goal!
Penalty Shot by Daniel Carr for Crunch - Goal!
Penalty Shot by Zack Stortini for Pirates - Stopped by Aaron Dell
Penalty Shot by Travis Oleksuk for Crunch - Stopped by Matt Hackett
Penalty Shot by Henrik Samuelsson for Pirates - Stopped by Aaron Dell
Penalty Shot by Corban Knight for Crunch - Goal!

Penalties :
No Penalty

Goalie Stats

Matt Hackett (POR), 36 saves from 37 shots - (0.973), OTL, 10-10-5, 64:54 minutes
Aaron Dell (SYR), 25 saves from 26 shots - (0.962), W, 10-1-1, 65:00 minutes

Players Stats for Pirates

Player Name              G  A  P  +/- PIM S  H  SB GA TA FO     MP     PP MP  PK MP  
------------------------------------------------------------------------------------
Andrey Pedan             0  0  0   0  0   1  3  2  0  3  0/0    25:10   0:00   0:31 
Anthony Duclair          0  0  0   0  0   3  0  0  3  2  2/15   22:29   0:22   0:09 
C.J. Ludwig              0  0  0   0  0   0  0  0  0  1  0/0     2:25   0:00   0:00 
Daniel Carcillo          0  0  0   0  0   4  3  0  3  1  2/4    22:20   1:02   0:26 
Danny Kristo             0  0  0   1  0   3  0  1  4  0  2/4    20:34   0:57   0:00 
FARM PLAYER11            0  0  0   0  2   0  0  0  0  0  1/4    16:43   0:25   1:24 
Henrik Samuelsson        0  0  0   0  0   3  2  0  0  0  0/0    18:49   0:35   0:35 
Johan Sundstrom          0  0  0   0  0   0  1  0  1  0  2/6    18:45   1:02   1:45 
John Persson             0  0  0   0  0   0  0  0  0  0  0/0     4:25   0:00   0:00 
Kerby Rychel             0  0  0   0  0   1  1  1  0  0  1/1    18:02   0:57   0:00 
Martin Frk               0  0  0   0  0   0  0  0  0  0  0/0    16:06   0:00   0:00 
Reid McNeill             0  1  1   1  0   1  1  5  0  0  0/0    21:16   0:35   1:49 
Ryan Potulny             0  1  1   1  0   1  1  0  0  0  1/1     5:39   0:00   0:00 
Sebastian Collberg       1  0  1   1  0   1  0  0  0  0  0/0     2:45   0:00   0:00 
Steve Spinell            0  0  0   0  0   1  0  0  0  2  0/0    23:57   0:35   0:00 
Tim Erixon               0  0  0   0  0   5  2  4  2  3  0/0    29:14   1:24   0:31 
Will O'Neill             0  0  0   1  0   2  1  1  0  3  0/0    25:52   0:59   1:49 
Zack Stortini            0  0  0   0  2   0  1  1  1  2  5/10   23:07   1:02   0:21 

Players Stats for Crunch

Player Name              G  A  P  +/- PIM S  H  SB GA TA FO     MP     PP MP  PK MP  
------------------------------------------------------------------------------------
Casey Wellman            0  0  0   0  0   1  1  0  1  0  9/12   18:50   1:02   0:00 
Corban Knight            0  0  0   0  0   1  2  0  0  0  3/5    13:44   0:00   0:00 
Daniel Carr              0  0  0   0  0   2  0  0  2  0  0/0    12:14   0:00   0:00 
Daniel Cleary            0  0  0   0  0   4  2  0  3  1  0/0    14:35   0:00   0:51 
Dustin Jeffrey           0  0  0   0  0   1  1  0  2  1  2/3    14:35   0:00   0:51 
Jordin Tootoo            1  0  1  -1  0   5  0  0  7  0  1/1    18:05   1:18   0:00 
Karl Stollery            0  0  0   0  0   2  2  1  0  1  0/0    23:00   1:29   0:48 
Kimmo Timonen            0  0  0   0  0   1  0  1  0  1  0/0    23:33   0:51   1:11 
Markus Lauridsen         0  0  0  -1  0   2  2  0  0  0  0/0    18:27   0:00   0:00 
Martin Havlat            0  0  0   0  0   6  1  0  6  2  0/0    18:50   1:02   0:00 
Matt Cooke               0  1  1  -1  0   2  2  0  3  0  0/0    16:55   1:18   1:08 
Matt Hunwick             0  0  0   0  0   3  1  2  1  0  0/0    23:33   0:51   1:11 
Nick Jensen              0  0  0  -1  0   1  0  0  0  0  0/0    18:27   0:00   0:00 
Sam Carrick              0  1  1  -1  0   0  1  0  0  0  13/21  19:21   1:18   1:08 
Scott Hannan             0  0  0   0  0   4  1  1  1  1  0/0    23:00   1:29   0:48 
Stanislav Galiev         0  0  0   0  0   2  1  0  3  0  0/0    12:14   0:00   0:00 
Travis Moen              0  0  0   0  2   0  1  0  0  0  0/0    16:23   1:02   0:00 
Travis Oleksuk           0  0  0   0  0   0  2  0  0  1  1/3    12:14   0:00   0:00 

3 Stars

1 - Matt Hackett (POR)
2 - Aaron Dell (SYR)
3 - Sebastian Collberg (POR)

Power Play

Pirates - 0 on 1 Attempt(s) - 0.00%
Crunch - 1 on 2 Attempt(s) - 50.00%

Penalty Kill

Pirates - 1 on 2 Attempt(s) - 50.00% - Score 0 goal in Penalty Kill
Crunch - 1 on 1 Attempt(s) - 100.00% - Score 0 goal in Penalty Kill

Team Stat

Pirates - Hits : 16 - Faceoff Wins : 16 - Blocked Shots : 15 - Penalty Minutes : 4
Crunch - Hits : 20 - Faceoff Wins : 29 - Blocked Shots : 5 - Penalty Minutes : 2

Official

Referees : Unknown
Linesman : Unknown

Game Notes

No Game Note

Finance

Level 1 -- Attendance: 1457 (72.85%) -- Ticket Income $36,425
Level 2 -- Attendance: 807 (80.70%) -- Ticket Income $8,070
Total Attendance: 2264 (75.47%)
Total Ticket Income: $44,495
Other Income: $21,803
Total Income: $66,298

Pirates

5 vs 5 Forward 
   Center                   Left Wing                Right Wing               Time % Phy DF OF 
 1 Anthony Duclair          Henrik Samuelsson        Daniel Carcillo          35     1   2  2  
 2 Zack Stortini            Kerby Rychel             Danny Kristo             30     1   2  2  
 3 Johan Sundstrom          Daniel Carcillo          Zack Stortini            22     1   2  2  
 4 Danny Kristo             Daniel Carcillo          Martin Frk               13     1   2  2  

5 vs 5 Defense 
   Defense                  Defense                                           Time % Phy DF OF 
 1 Tim Erixon               Will O'Neill                                      35     1   2  2  
 2 Steve Spinell            Andrey Pedan                                      30     1   2  2  
 3 Reid McNeill             Tim Erixon                                        22     1   2  2  
 4 Tim Erixon               Will O'Neill                                      13     1   2  2  

PowerPlay Forward 
   Center                   Left Wing                Right Wing               Time % Phy DF OF 
 1 Zack Stortini            Johan Sundstrom          Daniel Carcillo          60     1   2  2  
 2 Anthony Duclair          Kerby Rychel             Danny Kristo             40     1   2  2  

PowerPlay Defense
   Defense                  Defense                                           Time % Phy DF OF 
 1 Tim Erixon               Will O'Neill                                      60     1   2  2  
 2 Reid McNeill             Steve Spinell                                     40     1   2  2  

Penalty Kill 4 Players Forward 
   Center                   Wing                     Time % Phy DF OF 
 1 Zack Stortini            Johan Sundstrom          60     1   2  2  
 2 Daniel Carcillo          Danny Kristo             40     1   2  2  

Penalty Kill 4 Players Defense
   Defense                  Defense                  Time % Phy DF OF 
 1 Will O'Neill             Reid McNeill             60     1   2  2  
 2 Tim Erixon               Andrey Pedan             40     1   2  2  

Penalty Kill - 3 Players Forward 
   Forward                                           Time % Phy DF OF 
 1 Daniel Carcillo                                   60     1   2  2  
 2 Danny Kristo                                      40     1   2  2  

Penalty Kill - 3 Players Defense
   Defense                  Defense                  Time % Phy DF OF 
 1 Will O'Neill             Tim Erixon               60     1   2  2  
 2 Andrey Pedan             Steve Spinell            40     1   2  2  

4 vs 4 Forward 
   Center                   Wing                     Time % Phy DF OF 
 1 Anthony Duclair          Zack Stortini            60     1   2  2  
 2 Daniel Carcillo          Danny Kristo             40     1   2  2  

4 vs 4 Defense
   Defense                  Defense                  Time % Phy DF OF 
 1 Tim Erixon               Andrey Pedan             60     1   2  2  
 2 Will O'Neill             Steve Spinell            40     1   2  2  

Last Minutes Offensive
   Center                   Left Wing                Right Wing               Defense                  Defense                  
   Anthony Duclair          Danny Kristo             Daniel Carcillo          Tim Erixon               Will O'Neill             

Last Minutes Defensive
   Center                   Left Wing                Right Wing               Defense                  Defense                  
   Anthony Duclair          Danny Kristo             Daniel Carcillo          Tim Erixon               Will O'Neill             

Goaltenders
Starting : Matt Hackett             
Backup : FARM GOALIE10            

Extra Forwards
Normal : Zack Stortini, Daniel Carcillo, Johan Sundstrom - PP : Zack Stortini, Daniel Carcillo - PK : Johan Sundstrom
Extra Defensemen
Normal : Will O'Neill, Reid McNeill, Tim Erixon - PP : Tim Erixon - PK : Will O'Neill, Tim Erixon
Penalty Shots
Johan Sundstrom, Kerby Rychel, Daniel Carcillo, Danny Kristo, Zack Stortini

Crunch

5 vs 5 Forward 
   Center                   Left Wing                Right Wing               Time % Phy DF OF 
 1 Sam Carrick              Jordin Tootoo            Matt Cooke               30     1   2  2  
 2 Casey Wellman            Martin Havlat            Travis Moen              30     1   2  2  
 3 Corban Knight            Dustin Jeffrey           Daniel Cleary            25     1   2  2  
 4 Travis Oleksuk           Daniel Carr              Stanislav Galiev         15     1   2  2  

5 vs 5 Defense 
   Defense                  Defense                                           Time % Phy DF OF 
 1 Kimmo Timonen            Matt Hunwick                                      34     1   2  2  
 2 Karl Stollery            Scott Hannan                                      33     1   2  2  
 3 Markus Lauridsen         Nick Jensen                                       33     1   2  2  
 4 Kimmo Timonen            Matt Hunwick                                      0      1   2  2  

PowerPlay Forward 
   Center                   Left Wing                Right Wing               Time % Phy DF OF 
 1 Sam Carrick              Jordin Tootoo            Matt Cooke               50     1   1  3  
 2 Casey Wellman            Martin Havlat            Travis Moen              50     0   1  4  

PowerPlay Defense
   Defense                  Defense                                           Time % Phy DF OF 
 1 Kimmo Timonen            Matt Hunwick                                      50     1   2  2  
 2 Karl Stollery            Scott Hannan                                      50     1   2  2  

Penalty Kill 4 Players Forward 
   Center                   Wing                     Time % Phy DF OF 
 1 Dustin Jeffrey           Daniel Cleary            50     1   4  0  
 2 Sam Carrick              Travis Moen              50     1   4  0  

Penalty Kill 4 Players Defense
   Defense                  Defense                  Time % Phy DF OF 
 1 Karl Stollery            Scott Hannan             50     1   4  0  
 2 Kimmo Timonen            Matt Hunwick             50     1   4  0  

Penalty Kill - 3 Players Forward 
   Forward                                           Time % Phy DF OF 
 1 Dustin Jeffrey                                    50     1   4  0  
 2 Sam Carrick                                       50     1   4  0  

Penalty Kill - 3 Players Defense
   Defense                  Defense                  Time % Phy DF OF 
 1 Karl Stollery            Scott Hannan             50     1   4  0  
 2 Kimmo Timonen            Matt Hunwick             50     1   4  0  

4 vs 4 Forward 
   Center                   Wing                     Time % Phy DF OF 
 1 Sam Carrick              Jordin Tootoo            50     1   1  3  
 2 Casey Wellman            Martin Havlat            50     0   1  4  

4 vs 4 Defense
   Defense                  Defense                  Time % Phy DF OF 
 1 Kimmo Timonen            Matt Hunwick             50     1   2  2  
 2 Karl Stollery            Scott Hannan             50     1   2  2  

Last Minutes Offensive
   Center                   Left Wing                Right Wing               Defense                  Defense                  
   Sam Carrick              Jordin Tootoo            Matt Cooke               Kimmo Timonen            Matt Hunwick             

Last Minutes Defensive
   Center                   Left Wing                Right Wing               Defense                  Defense                  
   Sam Carrick              Travis Moen              Matt Cooke               Karl Stollery            Scott Hannan             

Goaltenders
Starting : Aaron Dell               
Backup : Richard Bachman          

Extra Forwards
Normal : Martin Havlat, Jordin Tootoo, Matt Cooke - PP : Martin Havlat, Jordin Tootoo - PK : Matt Cooke
Extra Defensemen
Normal : Kimmo Timonen, Matt Hunwick, Scott Hannan - PP : Kimmo Timonen - PK : Scott Hannan, Karl Stollery
Penalty Shots
Stanislav Galiev, Dustin Jeffrey, Casey Wellman, Daniel Carr, Travis Oleksuk

% Time on Ice - Pirates

Lines # - Real PCT - Wanted PCT - Time Play
Normal Forward
1 - 30% - 35% - 16:39
2 - 29% - 30% - 16:09
3 - 19% - 22% - 10:38
4 - 22% - 13% - 12:04
Normal Defense
1 - 29% - 35% - 15:50
2 - 41% - 30% - 22:31
3 - 26% - 22% - 14:29
4 - 5% - 13% - 2:40
PP Forward
1 - 52% - 60% - 1:02
2 - 48% - 40% - 0:57
PP Defense
1 - 71% - 60% - 1:24
2 - 29% - 40% - 0:35
PK Forward
1 - 100% - 60% - 2:20
2 - 0% - 40% - 0:00
PK Defense
1 - 78% - 60% - 1:49
2 - 22% - 40% - 0:31
PK3 Forward
1 - 0% - 60%
2 - 0% - 40%
PK3 Defense
1 - 0% - 60%
2 - 0% - 40%
44 Forward
1 - 100% - 60% - 5:00
2 - 0% - 40% - 0:00
44 Defense
1 - 57% - 60% - 2:52
2 - 43% - 40% - 2:08
Last Minute Offensive  - 0:11
Last Minute Defensive  - 0:00
Total
Forward - 65:00
Defense - 65:00

% Time on Ice - Crunch

Lines # - Real PCT - Wanted PCT - Time Play
Normal Forward
1 - 26% - 30% - 14:21
2 - 28% - 30% - 15:22
3 - 25% - 25% - 13:44
4 - 22% - 15% - 12:14
Normal Defense
1 - 34% - 34% - 18:49
2 - 33% - 33% - 18:25
3 - 33% - 33% - 18:27
4 - 0% - 0% - 0:00
PP Forward
1 - 56% - 50% - 1:18
2 - 44% - 50% - 1:02
PP Defense
1 - 36% - 50% - 0:51
2 - 64% - 50% - 1:29
PK Forward
1 - 43% - 50% - 0:51
2 - 57% - 50% - 1:08
PK Defense
1 - 40% - 50% - 0:48
2 - 60% - 50% - 1:11
PK3 Forward
1 - 0% - 50%
2 - 0% - 50%
PK3 Defense
1 - 0% - 50%
2 - 0% - 50%
44 Forward
1 - 49% - 50% - 2:26
2 - 51% - 50% - 2:34
44 Defense
1 - 51% - 50% - 2:34
2 - 49% - 50% - 2:26
Last Minute Offensive  - 0:00
Last Minute Defensive  - 0:00
Total
Forward - 65:00
Defense - 65:00

Play by Play

1st period


0:01 of 1st period - Sam Carrick wins face-off versus Anthony Duclair in neutral zone.
0:10 of 1st period - Slapshot by Matt Cooke.
0:10 of 1st period - Stopped by Matt Hackett without a rebound.
0:11 of 1st period - Sam Carrick wins face-off versus Anthony Duclair in Pirates zone.
1:11 of 1st period - Backhand shot by Martin Havlat.
1:11 of 1st period - Stopped by Matt Hackett with a rebound.
2:12 of 1st period - Snap shot by Daniel Carcillo.
2:12 of 1st period - Stopped by Aaron Dell with a rebound.
2:14 of 1st period - Slapshot by Andrey Pedan.
2:14 of 1st period - Shot Blocked by Scott Hannan.
2:16 of 1st period - Slapshot by Steve Spinell.
2:16 of 1st period - Stopped by Aaron Dell without a rebound.
2:17 of 1st period - Danny Kristo wins face-off versus Travis Oleksuk in Crunch zone.
2:28 of 1st period - Travis Oleksuk is hit by Henrik Samuelsson and loses puck.
2:41 of 1st period - Wrist shot by Stanislav Galiev.
2:41 of 1st period - Shot Blocked by Reid McNeill.
2:43 of 1st period - Snap shot by Daniel Carr.
2:43 of 1st period - Stopped by Matt Hackett with a rebound.
4:16 of 1st period - Minor Penalty to FARM PLAYER11 for Slashing.
4:17 of 1st period - Sam Carrick wins face-off versus Zack Stortini in Pirates zone.
4:23 of 1st period - Backhand shot by Jordin Tootoo.
4:23 of 1st period - Stopped by Matt Hackett with a rebound.
4:37 of 1st period - Slapshot by Jordin Tootoo.
4:37 of 1st period - Goal by Jordin Tootoo - Pirates : 0 - Crunch : 1.
4:38 of 1st period - Anthony Duclair wins face-off versus Corban Knight in neutral zone.
4:56 of 1st period - Henrik Samuelsson is hit by Daniel Cleary and loses puck.
5:56 of 1st period - Martin Frk is hit by Casey Wellman and loses puck.
7:00 of 1st period - Snap shot by Matt Hunwick.
7:00 of 1st period - Shot Misses the Net.
7:10 of 1st period - Wrist shot by Stanislav Galiev.
7:10 of 1st period - Shot Misses the Net.
7:18 of 1st period - Daniel Carcillo is hit by Travis Oleksuk and loses puck.
7:49 of 1st period - Kerby Rychel is hit by Dustin Jeffrey and loses puck.
8:16 of 1st period - Karl Stollery is hit by Will O'Neill and loses puck.
8:35 of 1st period - Snap shot by Kerby Rychel.
8:35 of 1st period - Shot Blocked by Karl Stollery.
8:37 of 1st period - Wrist shot by Henrik Samuelsson.
8:37 of 1st period - Stopped by Aaron Dell without a rebound.
8:38 of 1st period - Sam Carrick wins face-off versus FARM PLAYER11 in Crunch zone.
10:15 of 1st period - Kerby Rychel is hit by Karl Stollery and loses puck.
10:45 of 1st period - Steve Spinell is hit by Corban Knight and loses puck.
11:54 of 1st period - Slapshot by Tim Erixon.
11:54 of 1st period - Stopped by Aaron Dell with a rebound.
11:56 of 1st period - Slapshot by Tim Erixon.
11:56 of 1st period - Deflect By Kerby Rychel.
11:56 of 1st period - Stopped by Aaron Dell with a rebound.
13:22 of 1st period - Anthony Duclair is hit by Daniel Cleary and loses puck.
14:10 of 1st period - Snap shot by Jordin Tootoo.
14:10 of 1st period - Stopped by Matt Hackett with a rebound.
14:12 of 1st period - Slapshot by Karl Stollery.
14:12 of 1st period - Shot Misses the Net.
14:21 of 1st period - Wrist shot by Matt Cooke.
14:21 of 1st period - Shot Blocked by Reid McNeill.
14:27 of 1st period - Snap shot by Matt Cooke.
14:27 of 1st period - Shot Misses the Net.
14:29 of 1st period - Slapshot by Scott Hannan.
14:29 of 1st period - Shot Misses the Net.
14:31 of 1st period - Slapshot by Karl Stollery.
14:31 of 1st period - Stopped by Matt Hackett with a rebound.
16:15 of 1st period - Snap shot by Daniel Cleary.
16:15 of 1st period - Shot Misses the Net.
16:17 of 1st period - Slapshot by Karl Stollery.
16:17 of 1st period - Shot Misses the Net.
16:19 of 1st period - Slapshot by Karl Stollery.
16:19 of 1st period - Deflect By Daniel Cleary.
16:19 of 1st period - Stopped by Matt Hackett with a rebound.
18:41 of 1st period - Icing by Matt Hunwick.
18:42 of 1st period - Sam Carrick wins face-off versus Johan Sundstrom in Crunch zone.
19:05 of 1st period - Snap shot by Stanislav Galiev.
19:05 of 1st period - Shot Hit the Post.
19:07 of 1st period - Slapshot by Markus Lauridsen.
19:07 of 1st period - Stopped by Matt Hackett without a rebound.
19:08 of 1st period - Ryan Potulny wins face-off versus Travis Oleksuk in Pirates zone.
19:21 of 1st period - Tim Erixon is hit by Markus Lauridsen.
19:31 of 1st period - Anthony Duclair is hit by Corban Knight and loses puck.
19:40 of 1st period - Backhand shot by Anthony Duclair.
19:40 of 1st period - Shot Misses the Net.
19:42 of 1st period - Slapshot by Henrik Samuelsson.
19:42 of 1st period - Shot Misses the Net.
Goals for this period are 0 for Pirates vs 1 for Crunch.
Shots for this period are 5 for Pirates vs 9 for Crunch.

2nd period


0:01 of 2nd period - Casey Wellman wins face-off versus Anthony Duclair in neutral zone.
0:08 of 2nd period - Slapshot by Tim Erixon.
0:08 of 2nd period - Deflect By Martin Havlat.
0:08 of 2nd period - Stopped by Aaron Dell with a rebound.
0:12 of 2nd period - Snap shot by Anthony Duclair.
0:12 of 2nd period - Stopped by Aaron Dell with a rebound.
0:14 of 2nd period - Snap shot by Anthony Duclair.
0:14 of 2nd period - Deflect By Henrik Samuelsson.
0:14 of 2nd period - Shot Misses the Net.
0:14 of 2nd period - Puck is out of play.
0:15 of 2nd period - Casey Wellman wins face-off versus Anthony Duclair in Crunch zone.
0:32 of 2nd period - Wrist shot by Martin Havlat.
0:32 of 2nd period - Stopped by Matt Hackett with a rebound.
1:22 of 2nd period - Wrist shot by Danny Kristo.
1:22 of 2nd period - Stopped by Aaron Dell without a rebound.
1:23 of 2nd period - Corban Knight wins face-off versus Danny Kristo in Crunch zone.
1:23 of 2nd period - Corban Knight is hit by Daniel Carcillo.
1:47 of 2nd period - Corban Knight is hit by Andrey Pedan and loses puck.
3:12 of 2nd period - Wrist shot by Tim Erixon.
3:12 of 2nd period - Shot Hit the Post.
3:33 of 2nd period - Snap shot by Casey Wellman.
3:33 of 2nd period - Shot Blocked by Zack Stortini.
3:41 of 2nd period - Slapshot by Martin Havlat.
3:41 of 2nd period - Deflect By Casey Wellman.
3:41 of 2nd period - Shot Misses the Net.
3:41 of 2nd period - Puck is out of play.
3:42 of 2nd period - Casey Wellman wins face-off versus Anthony Duclair in Pirates zone.
4:15 of 2nd period - Anthony Duclair is hit by Karl Stollery and loses puck.
4:42 of 2nd period - Wrist shot by Daniel Cleary.
4:42 of 2nd period - Stopped by Matt Hackett without a rebound.
4:43 of 2nd period - Zack Stortini wins face-off versus Sam Carrick in Pirates zone.
4:52 of 2nd period - Slapshot by Kerby Rychel.
4:52 of 2nd period - Shot Misses the Net.
4:54 of 2nd period - Backhand shot by Danny Kristo.
4:54 of 2nd period - Shot Misses the Net.
5:40 of 2nd period - Slapshot by Matt Hunwick.
5:40 of 2nd period - Stopped by Matt Hackett with a rebound.
6:30 of 2nd period - Snap shot by Zack Stortini.
6:30 of 2nd period - Shot Misses the Net.
7:10 of 2nd period - Casey Wellman is hit by Andrey Pedan and loses puck.
8:10 of 2nd period - Snap shot by Daniel Cleary.
8:10 of 2nd period - Shot Misses the Net.
8:12 of 2nd period - Slapshot by Nick Jensen.
8:12 of 2nd period - Shot Misses the Net.
8:14 of 2nd period - Slapshot by Daniel Cleary.
8:14 of 2nd period - Shot Misses the Net.
8:16 of 2nd period - Slapshot by Nick Jensen.
8:16 of 2nd period - Stopped by Matt Hackett with a rebound.
8:18 of 2nd period - Snap shot by Dustin Jeffrey.
8:18 of 2nd period - Shot Hit the Post.
8:20 of 2nd period - Slapshot by Markus Lauridsen.
8:20 of 2nd period - Stopped by Matt Hackett without a rebound.
8:21 of 2nd period - Zack Stortini wins face-off versus Sam Carrick in Pirates zone.
8:33 of 2nd period - Off-side.
8:34 of 2nd period - Sam Carrick wins face-off versus Zack Stortini in neutral zone.
9:30 of 2nd period - Icing by Tim Erixon.
9:31 of 2nd period - Corban Knight wins face-off versus Anthony Duclair in Pirates zone.
11:44 of 2nd period - Anthony Duclair is hit by Stanislav Galiev and loses puck.
11:51 of 2nd period - Wrist shot by Stanislav Galiev.
11:51 of 2nd period - Stopped by Matt Hackett with a rebound.
11:59 of 2nd period - Stanislav Galiev is hit by Zack Stortini and loses puck.
12:18 of 2nd period - Slapshot by Kerby Rychel.
12:18 of 2nd period - Shot Misses the Net.
12:52 of 2nd period - Slapshot by Matt Hunwick.
12:52 of 2nd period - Shot Blocked by Reid McNeill.
12:54 of 2nd period - Snap shot by Corban Knight.
12:54 of 2nd period - Stopped by Matt Hackett with a rebound.
12:56 of 2nd period - Slapshot by Daniel Cleary.
12:56 of 2nd period - Stopped by Matt Hackett with a rebound.
12:58 of 2nd period - Snap shot by Corban Knight.
12:58 of 2nd period - Shot Misses the Net.
13:44 of 2nd period - Steve Spinell is hit by Travis Moen and loses puck.
14:01 of 2nd period - Snap shot by Daniel Carcillo.
14:01 of 2nd period - Shot Misses the Net.
14:03 of 2nd period - Slapshot by Tim Erixon.
14:03 of 2nd period - Stopped by Aaron Dell without a rebound.
14:04 of 2nd period - Sam Carrick wins face-off versus Anthony Duclair in Crunch zone.
15:03 of 2nd period - Snap shot by Dustin Jeffrey.
15:03 of 2nd period - Stopped by Matt Hackett without a rebound.
15:04 of 2nd period - Corban Knight wins face-off versus Anthony Duclair in Pirates zone.
15:41 of 2nd period - Martin Frk is hit by Scott Hannan and loses puck.
16:26 of 2nd period - Henrik Samuelsson is hit by Martin Havlat and loses puck.
16:55 of 2nd period - Snap shot by Daniel Carcillo.
16:55 of 2nd period - Stopped by Aaron Dell without a rebound.
16:56 of 2nd period - Johan Sundstrom wins face-off versus Sam Carrick in Crunch zone.
16:59 of 2nd period - Wrist shot by Daniel Carcillo.
16:59 of 2nd period - Stopped by Aaron Dell without a rebound.
17:00 of 2nd period - Sam Carrick wins face-off versus Johan Sundstrom in Crunch zone.
17:43 of 2nd period - Matt Cooke is hit by Ryan Potulny and loses puck.
18:56 of 2nd period - Minor Penalty to Travis Moen for High sticking.
18:57 of 2nd period - Dustin Jeffrey wins face-off versus Zack Stortini in Crunch zone.
19:05 of 2nd period - Off-side.
19:06 of 2nd period - Zack Stortini wins face-off versus Sam Carrick in neutral zone.
19:32 of 2nd period - Wrist shot by Danny Kristo.
19:32 of 2nd period - Shot Blocked by Matt Hunwick.
19:44 of 2nd period - Reid McNeill is hit by Sam Carrick and loses puck.
Goals for this period are 0 for Pirates vs 0 for Crunch.
Shots for this period are 6 for Pirates vs 9 for Crunch.

3rd period


0:01 of 3rd period - Zack Stortini wins face-off versus Dustin Jeffrey in neutral zone.
0:10 of 3rd period - Wrist shot by Daniel Carcillo.
0:10 of 3rd period - Shot Misses the Net.
0:12 of 3rd period - Snap shot by Will O'Neill.
0:12 of 3rd period - Stopped by Aaron Dell without a rebound.
0:13 of 3rd period - Dustin Jeffrey wins face-off versus Zack Stortini in Crunch zone.
0:33 of 3rd period - Snap shot by Matt Cooke.
0:33 of 3rd period - Stopped by Matt Hackett without a rebound.
0:34 of 3rd period - Kerby Rychel wins face-off versus Sam Carrick in Pirates zone.
0:56 of 3rd period - Penalty to Travis Moen is over, Travis Moen is back on ice.
1:01 of 3rd period - Snap shot by Danny Kristo.
1:01 of 3rd period - Stopped by Aaron Dell with a rebound.
1:03 of 3rd period - Slapshot by Tim Erixon.
1:03 of 3rd period - Stopped by Aaron Dell without a rebound.
1:04 of 3rd period - Casey Wellman wins face-off versus Johan Sundstrom in Crunch zone.
1:53 of 3rd period - Martin Havlat is hit by Andrey Pedan and loses puck.
2:32 of 3rd period - Slapshot by Matt Hunwick.
2:32 of 3rd period - Shot Blocked by Tim Erixon.
2:34 of 3rd period - Snap shot by Matt Hunwick.
2:34 of 3rd period - Deflect By Dustin Jeffrey.
2:34 of 3rd period - Shot Misses the Net.
2:34 of 3rd period - Puck is out of play.
2:35 of 3rd period - Daniel Carcillo wins face-off versus Sam Carrick in Pirates zone.
3:02 of 3rd period - Snap shot by Jordin Tootoo.
3:02 of 3rd period - Shot Misses the Net.
3:04 of 3rd period - Wrist shot by Matt Cooke.
3:04 of 3rd period - Shot Misses the Net.
3:06 of 3rd period - Backhand shot by Scott Hannan.
3:06 of 3rd period - Stopped by Matt Hackett with a rebound.
3:08 of 3rd period - Slapshot by Karl Stollery.
3:08 of 3rd period - Shot Blocked by Danny Kristo.
3:24 of 3rd period - Snap shot by Stanislav Galiev.
3:24 of 3rd period - Shot Blocked by Tim Erixon.
3:26 of 3rd period - Slapshot by Matt Hunwick.
3:26 of 3rd period - Shot Blocked by Tim Erixon.
3:28 of 3rd period - Snap shot by Stanislav Galiev.
3:28 of 3rd period - Deflect By Daniel Carr.
3:28 of 3rd period - Stopped by Matt Hackett with a rebound.
3:30 of 3rd period - Wrist shot by Matt Hunwick.
3:30 of 3rd period - Stopped by Matt Hackett with a rebound.
4:26 of 3rd period - Wrist shot by Daniel Cleary.
4:26 of 3rd period - Deflect By Dustin Jeffrey.
4:26 of 3rd period - Shot Misses the Net.
4:26 of 3rd period - Puck is out of play.
4:27 of 3rd period - Casey Wellman wins face-off versus Anthony Duclair in Pirates zone.
4:42 of 3rd period - Slapshot by Martin Havlat.
4:42 of 3rd period - Deflect By Anthony Duclair.
4:42 of 3rd period - Shot Misses the Net.
4:42 of 3rd period - Puck is out of play.
4:43 of 3rd period - Casey Wellman wins face-off versus Anthony Duclair in Pirates zone.
4:48 of 3rd period - Slapshot by Martin Havlat.
4:48 of 3rd period - Stopped by Matt Hackett without a rebound.
4:49 of 3rd period - Sam Carrick wins face-off versus Zack Stortini in Pirates zone.
5:17 of 3rd period - Minor Penalty to Zack Stortini for Hooking.
5:18 of 3rd period - FARM PLAYER11 wins face-off versus Casey Wellman in Pirates zone.
5:25 of 3rd period - Slapshot by Will O'Neill.
5:25 of 3rd period - Shot Blocked by Kimmo Timonen.
5:55 of 3rd period - Slapshot by Matt Hunwick.
5:55 of 3rd period - Shot Blocked by Reid McNeill.
7:16 of 3rd period - Henrik Samuelsson is hit by Matt Cooke and loses puck.
7:17 of 3rd period - Penalty to Zack Stortini is over, Zack Stortini is back on ice.
8:14 of 3rd period - Steve Spinell is hit by Travis Oleksuk and loses puck.
8:48 of 3rd period - Martin Havlat is hit by Daniel Carcillo and loses puck.
9:01 of 3rd period - Snap shot by Martin Havlat.
9:01 of 3rd period - Stopped by Matt Hackett without a rebound.
9:02 of 3rd period - Casey Wellman wins face-off versus FARM PLAYER11 in Pirates zone.
9:26 of 3rd period - Dustin Jeffrey is hit by Kerby Rychel and loses puck.
9:40 of 3rd period - Scott Hannan is hit by Tim Erixon and loses puck.
9:59 of 3rd period - Icing by Tim Erixon.
10:00 of 3rd period - Sam Carrick wins face-off versus Johan Sundstrom in Pirates zone.
10:07 of 3rd period - Matt Cooke is hit by Johan Sundstrom and loses puck.
10:33 of 3rd period - Anthony Duclair is hit by Matt Cooke.
10:48 of 3rd period - Slapshot by Danny Kristo.
10:48 of 3rd period - Stopped by Aaron Dell with a rebound.
10:50 of 3rd period - Wrist shot by Martin Frk.
10:50 of 3rd period - Shot Blocked by Matt Hunwick.
10:52 of 3rd period - Wrist shot by Steve Spinell.
10:52 of 3rd period - Deflect By Martin Frk.
10:52 of 3rd period - Shot Misses the Net.
10:52 of 3rd period - Puck is out of play.
10:53 of 3rd period - Travis Oleksuk wins face-off versus Danny Kristo in Crunch zone.
11:00 of 3rd period - Snap shot by Stanislav Galiev.
11:00 of 3rd period - Shot Blocked by Andrey Pedan.
11:51 of 3rd period - Snap shot by Henrik Samuelsson.
11:51 of 3rd period - Stopped by Aaron Dell with a rebound.
12:28 of 3rd period - Nick Jensen is hit by Reid McNeill and loses puck.
12:39 of 3rd period - Nick Jensen is hit by Henrik Samuelsson and loses puck.
13:16 of 3rd period - Wrist shot by Johan Sundstrom.
13:16 of 3rd period - Deflect By Martin Frk.
13:16 of 3rd period - Shot Misses the Net.
13:16 of 3rd period - Puck is out of play.
13:17 of 3rd period - Sam Carrick wins face-off versus FARM PLAYER11 in Crunch zone.
14:20 of 3rd period - Slapshot by Kimmo Timonen.
14:20 of 3rd period - Shot Misses the Net.
14:22 of 3rd period - Snap shot by Dustin Jeffrey.
14:22 of 3rd period - Shot Blocked by Reid McNeill.
14:24 of 3rd period - Slapshot by Scott Hannan.
14:24 of 3rd period - Shot Misses the Net.
15:04 of 3rd period - Slapshot by Stanislav Galiev.
15:04 of 3rd period - Stopped by Matt Hackett without a rebound.
15:05 of 3rd period - Danny Kristo wins face-off versus Sam Carrick in Pirates zone.
15:28 of 3rd period - Snap shot by Jordin Tootoo.
15:28 of 3rd period - Stopped by Matt Hackett with a rebound.
16:00 of 3rd period - Off-side.
16:01 of 3rd period - Johan Sundstrom wins face-off versus Corban Knight in neutral zone.
16:12 of 3rd period - Snap shot by Daniel Carcillo.
16:12 of 3rd period - Stopped by Aaron Dell with a rebound.
16:59 of 3rd period - Snap shot by Jordin Tootoo.
16:59 of 3rd period - Shot Misses the Net.
17:11 of 3rd period - Sam Carrick is hit by Tim Erixon.
17:39 of 3rd period - Slapshot by Martin Havlat.
17:39 of 3rd period - Stopped by Matt Hackett with a rebound.
17:41 of 3rd period - Slapshot by Scott Hannan.
17:41 of 3rd period - Stopped by Matt Hackett with a rebound.
18:09 of 3rd period - Slapshot by Zack Stortini.
18:09 of 3rd period - Shot Misses the Net.
18:11 of 3rd period - Wrist shot by Henrik Samuelsson.
18:11 of 3rd period - Stopped by Aaron Dell with a rebound.
18:39 of 3rd period - Anthony Duclair is hit by Markus Lauridsen.
18:50 of 3rd period - Snap shot by Daniel Cleary.
18:50 of 3rd period - Stopped by Matt Hackett with a rebound.
19:04 of 3rd period - Pirates, Matt Hackett is pulled from the net.
19:06 of 3rd period - Wrist shot by Danny Kristo.
19:06 of 3rd period - Deflect By Ryan Potulny.
19:06 of 3rd period - Stopped by Aaron Dell with a rebound.
19:08 of 3rd period - Slapshot by Reid McNeill.
19:08 of 3rd period - Stopped by Aaron Dell with a rebound.
19:10 of 3rd period - Snap shot by Sebastian Collberg.
19:10 of 3rd period - Goal by Sebastian Collberg - Pirates : 1 - Crunch : 1.
19:10 of 3rd period - Matt Hackett from Pirates was sent back in the game.
19:11 of 3rd period - Zack Stortini wins face-off versus Casey Wellman in neutral zone.
19:20 of 3rd period - Slapshot by Casey Wellman.
19:20 of 3rd period - Shot Misses the Net.
19:22 of 3rd period - Snap shot by Scott Hannan.
19:22 of 3rd period - Shot Blocked by Kerby Rychel.
19:24 of 3rd period - Slapshot by Scott Hannan.
19:24 of 3rd period - Shot Misses the Net.
19:26 of 3rd period - Slapshot by Karl Stollery.
19:26 of 3rd period - Stopped by Matt Hackett with a rebound.
19:30 of 3rd period - Snap shot by Casey Wellman.
19:30 of 3rd period - Stopped by Matt Hackett with a rebound.
19:32 of 3rd period - Slapshot by Scott Hannan.
19:32 of 3rd period - Stopped by Matt Hackett with a rebound.
19:34 of 3rd period - Backhand shot by Scott Hannan.
19:34 of 3rd period - Stopped by Matt Hackett with a rebound.
19:36 of 3rd period - Slapshot by Travis Moen.
19:36 of 3rd period - Shot Blocked by Will O'Neill.
19:42 of 3rd period - Snap shot by Martin Havlat.
19:42 of 3rd period - Shot Misses the Net.
19:44 of 3rd period - Slapshot by Karl Stollery.
19:44 of 3rd period - Shot Blocked by Tim Erixon.
19:46 of 3rd period - Snap shot by Martin Havlat.
19:46 of 3rd period - Stopped by Matt Hackett without a rebound.
19:47 of 3rd period - Sam Carrick wins face-off versus Anthony Duclair in Pirates zone.
19:54 of 3rd period - Kimmo Timonen is hit by Daniel Carcillo and loses puck.
Goals for this period are 1 for Pirates vs 0 for Crunch.
Shots for this period are 10 for Pirates vs 16 for Crunch.

Overtime #1


0:01 of 1st overtime period - Jordin Tootoo wins face-off versus Anthony Duclair in neutral zone.
0:10 of 1st overtime period - Slapshot by Matt Hunwick.
0:10 of 1st overtime period - Shot Blocked by Andrey Pedan.
0:21 of 1st overtime period - Slapshot by Andrey Pedan.
0:21 of 1st overtime period - Stopped by Aaron Dell without a rebound.
0:22 of 1st overtime period - Anthony Duclair wins face-off versus Casey Wellman in Crunch zone.
0:27 of 1st overtime period - Wrist shot by Anthony Duclair.
0:27 of 1st overtime period - Shot Misses the Net.
1:29 of 1st overtime period - Snap shot by Jordin Tootoo.
1:29 of 1st overtime period - Shot Misses the Net.
1:31 of 1st overtime period - Slapshot by Kimmo Timonen.
1:31 of 1st overtime period - Stopped by Matt Hackett without a rebound.
1:32 of 1st overtime period - Daniel Carcillo wins face-off versus Sam Carrick in Pirates zone.
1:51 of 1st overtime period - Snap shot by Jordin Tootoo.
1:51 of 1st overtime period - Stopped by Matt Hackett without a rebound.
1:52 of 1st overtime period - Sam Carrick wins face-off versus Daniel Carcillo in Pirates zone.
1:53 of 1st overtime period - Wrist shot by Jordin Tootoo.
1:53 of 1st overtime period - Shot Misses the Net.
1:55 of 1st overtime period - Slapshot by Matt Hunwick.
1:55 of 1st overtime period - Stopped by Matt Hackett with a rebound.
2:35 of 1st overtime period - Johan Sundstrom is hit by Matt Hunwick and loses puck.
3:17 of 1st overtime period - Snap shot by Anthony Duclair.
3:17 of 1st overtime period - Stopped by Aaron Dell with a rebound.
3:19 of 1st overtime period - Slapshot by Tim Erixon.
3:19 of 1st overtime period - Shot Misses the Net.
3:21 of 1st overtime period - Wrist shot by Tim Erixon.
3:21 of 1st overtime period - Stopped by Aaron Dell with a rebound.
3:23 of 1st overtime period - Wrist shot by Anthony Duclair.
3:23 of 1st overtime period - Stopped by Aaron Dell without a rebound.
3:24 of 1st overtime period - Casey Wellman wins face-off versus Anthony Duclair in Crunch zone.
4:48 of 1st overtime period - Slapshot by Will O'Neill.
4:48 of 1st overtime period - Stopped by Aaron Dell without a rebound.
4:49 of 1st overtime period - Casey Wellman wins face-off versus Daniel Carcillo in Crunch zone.
4:58 of 1st overtime period - Wrist shot by Martin Havlat.
4:58 of 1st overtime period - Shot Misses the Net.
Goals for this period are 0 for Pirates vs 0 for Crunch.
Shots for this period are 5 for Pirates vs 3 for Crunch.

ShootOut


5:00 of 1st overtime period - Penalty Shot by Johan Sundstrom for Pirates.
5:00 of 1st overtime period - Wrist shot by Johan Sundstrom.
5:00 of 1st overtime period - Stopped by Aaron Dell.
5:00 of 1st overtime period - Penalty Shot by Stanislav Galiev for Crunch.
5:00 of 1st overtime period - Deke by Stanislav Galiev.
5:00 of 1st overtime period - Stopped by Matt Hackett.
5:00 of 1st overtime period - Penalty Shot by Kerby Rychel for Pirates.
5:00 of 1st overtime period - Snap shot by Kerby Rychel.
5:00 of 1st overtime period - Stopped by Aaron Dell.
5:00 of 1st overtime period - Penalty Shot by Dustin Jeffrey for Crunch.
5:00 of 1st overtime period - Wrist shot by Dustin Jeffrey.
5:00 of 1st overtime period - Stopped by Matt Hackett.
5:00 of 1st overtime period - Penalty Shot by Daniel Carcillo for Pirates.
5:00 of 1st overtime period - Deke by Daniel Carcillo.
5:00 of 1st overtime period - Stopped by Aaron Dell.
5:00 of 1st overtime period - Penalty Shot by Casey Wellman for Crunch.
5:00 of 1st overtime period - Snap shot by Casey Wellman.
5:00 of 1st overtime period - Shot Misses the Net.
5:00 of 1st overtime period - Penalty Shot by Danny Kristo for Pirates.
5:00 of 1st overtime period - Snap shot by Danny Kristo.
5:00 of 1st overtime period - Goal by Danny Kristo.
5:00 of 1st overtime period - Penalty Shot by Daniel Carr for Crunch.
5:00 of 1st overtime period - Deke by Daniel Carr.
5:00 of 1st overtime period - Goal by Daniel Carr.
5:00 of 1st overtime period - Penalty Shot by Zack Stortini for Pirates.
5:00 of 1st overtime period - Wrist shot by Zack Stortini.
5:00 of 1st overtime period - Stopped by Aaron Dell.
5:00 of 1st overtime period - Penalty Shot by Travis Oleksuk for Crunch.
5:00 of 1st overtime period - Deke by Travis Oleksuk.
5:00 of 1st overtime period - Stopped by Matt Hackett.
5:00 of 1st overtime period - Penalty Shot by Henrik Samuelsson for Pirates.
5:00 of 1st overtime period - Deke by Henrik Samuelsson.
5:00 of 1st overtime period - Stopped by Aaron Dell.
5:00 of 1st overtime period - Penalty Shot by Corban Knight for Crunch.
5:00 of 1st overtime period - Snap shot by Corban Knight.
5:00 of 1st overtime period - Goal by Corban Knight.